 Dungeon Crawl Stone Soup version 0.20-a0-1122-gb7cbeb9 (webtiles) character file.

455 wolfsongas the Covert (level 7, -9/45 HPs)
             Began as an Octopode Assassin on May 15, 2017.
             Mangled by a gnoll
             ... wielding a +0 spear
              (11 damage)
             ... on level 4 of the Dungeon.
             The game lasted 00:08:37 (3468 turns).

wolfsongas the Covert (Octopode Assassin)           Turns: 3468, Time: 00:08:38

Health: -9/45      AC:  1    Str: 10    XL:     7   Next: 5%
Magic:  0/7        EV: 13    Int: 19    God:    Xom [..*...]
Gold:   75         SH:  0    Dex: 15    Spells: 6/6 levels left

rFire    + . .     SeeInvis .   h - +0 mace (distort)
rCold    . . .     Gourm    .   (no shield)
rNeg     . . .     Faith    .   (helmet restricted)
rPois    .         Spirit   +   m - amulet of guardian spirit
rElec    .         Reflect  .   l - ring of protection from fire
rCorr    .         Harm     .   (no ring)
MR       .....                  (no ring)
Stlth    +++++.....             (no ring)
Regen    0.2/turn               (no ring)
MPRegen  0.1/turn               (no ring)
                                (no ring)
                                (no ring)

@: brilliant
A: almost no armour, stealthy swim, amphibious, 8 rings, constrict 8, camouflage
1, gelatinous body 1
a: Renounce Religion


You were on level 4 of the Dungeon.
You worshipped Xom.
You were a toy of Xom.
You were full.

You visited 1 branch of the dungeon, and saw 4 of its levels.

You collected 75 gold pieces.

Inventory:

Hand Weapons
 a - a +2 dagger
 b - a +0 blowgun
 h - a +0 mace of distortion (weapon)
Missiles
 c - 21 poisoned needles
 d - 2 curare-tipped needles
 g - 7 needles of confusion
Jewellery
 l - a ring of protection from fire (left tentacle)
 m - an amulet of guardian spirit (around mantle)
Wands
 e - a wand of confusion (10/48)
 i - a wand of polymorph (14/24)
Scrolls
 j - a scroll of teleportation
 k - a scroll of remove curse
 o - a scroll of identify


   Skills:
 - Level 2.0 Fighting
 - Level 4.0 Short Blades
 * Level 4.3 Maces & Flails
 - Level 2.0 Throwing
 - Level 1.0 Dodging
 + Level 8.0 Stealth


You had 6 spell levels left.
You didn't know any spells.

Dungeon Overview and Level Annotations

Branches:
Dungeon (4/15)
 Temple: D:4-7

Altars:
Xom
Zin


Innate Abilities, Weirdness & Mutations

You cannot wear most types of armour.
You are very stealthy in the water. (Stealth+)
You are amphibious.
You can wear up to eight rings at the same time.
You can use your tentacles to constrict eight enemies at once.
Your skin changes colour to match your surroundings (Stealth+).
Your rubbery body absorbs attacks. (AC +1, EV +1)


Message History

You sock the gnoll!
You kill the gnoll!
Your Stealth skill increases to level 8!
The gnoll misses you. x3
The gnoll hits you from afar with a spear!
* * * LOW HITPOINT WARNING * * *
The gnoll shaman calls upon its god to heal the gnoll.
The gnoll is healed somewhat.
The gnoll hits you with a spear!
* * * LOW HITPOINT WARNING * * *
Xom is amused.
There is a stone staircase leading down, spattered with blood here.
Things that are here:
a whip; a gnoll corpse You closely miss the gnoll.
You grab the gnoll.
The gnoll is moderately wounded.
You constrict the gnoll.
The gnoll hits you from afar with a spear.
* * * LOW HITPOINT WARNING * * *
The gnoll hits you with a spear!
You die...

.# #.# .# #.# ##.# .#
#.# #... .######.###
#..# ### ..........##
#..# ..#
#######....#######..
...# #..........#.#
#...###
##...#####.#.###.......
##.## #@.g..g.......
#.# #g..####..####
#.######...# .#
#..........####. #
######..........
#.....##### ###......
##.####.# ..#


You could see a gnoll shaman and 2 gnolls.

Vanquished Creatures
  A phantom (D:4)
  The ghost of micr0chasm the Magician, an amateur DEIE (D:3)
  Crazy Yiuf (D:2)
  Jessica (D:2)
  Ijyb (D:3)
  Natasha (thrice) (D:3)
  A worker ant (D:4)
  A gnoll (D:4)
  3 adders
  An ooze (D:1)
  A worm (D:3)
  4 dart slugs
  2 leopard geckos
  7 bats
  3 giant cockroaches
  12 goblins
  7 hobgoblins
  3 quokkas
  3 frilled lizards
  2 kobolds (D:2)
  5 rats
63 creatures vanquished.

Vanquished Creatures (others)
  A hound (D:4)
1 creature vanquished.

Grand Total: 64 creatures vanquished

Notes
Turn   | Place    | Note
-------+----------+-------------------------------------------
     0 | D:1      | wolfsongas the Octopode Assassin began the quest for the Orb.
     0 | D:1      | Reached XP level 1. HP: 14/14 MP: 1/1
    56 | D:1      | Reached XP level 2. HP: 5/19 MP: 2/2
   579 | D:1      | Reached XP level 3. HP: 24/24 MP: 3/3
  1161 | D:2      | Noticed Jessica
  1174 | D:2      | Killed Jessica
  1174 | D:2      | Reached skill level 6 in Stealth
  1174 | D:2      | Reached XP level 4. HP: 25/29 MP: 4/4
  1253 | D:2      | Found a runed door.
  1257 | D:2      | Noticed Crazy Yiuf
  1261 | D:2      | Killed Crazy Yiuf
  1807 | D:2      | Reached skill level 1 in Maces & Flails
  1807 | D:2      | Reached XP level 5. HP: 22/34 MP: 5/5
  2252 | D:3      | Noticed micr0chasm's ghost (amateur DEIE)
  2263 | D:3      | Killed micr0chasm's ghost
  2263 | D:3      | Reached skill level 7 in Stealth
  2408 | D:3      | Found a glowing silver altar of Zin.
  2409 | D:3      | Noticed Ijyb
  2576 | D:3      | Noticed Natasha
  2581 | D:3      | Killed Natasha
  2611 | D:3      | Reached XP level 6. HP: 19/39 MP: 3/6
  2615 | D:3      | Killed Ijyb
  2964 | D:3      | Noticed Natasha
  2966 | D:3      | Killed Natasha
  3153 | D:3      | Found a shimmering altar of Xom.
  3181 | D:3      | Became a worshipper of Xom of Chaos
  3233 | D:3      | Noticed Natasha
  3245 | D:3      | Killed Natasha
  3296 | D:3      | XOM: silly message
  3302 | D:4      | XOM: stealth player
  3402 | D:4      | Noticed a phantom
  3407 | D:4      | XOM: potion effect (brilliance)
  3421 | D:4      | Killed a phantom
  3450 | D:4      | Reached XP level 7. HP: 38/45 MP: 7/7
  3466 | D:4      | Reached skill level 8 in Stealth
  3468 | D:4      | HP: 2/45 [gnoll/spear (2)]
  3468 | D:4      | Mangled by a gnoll

Vault maps used:
D:1:      lemuel_arrival_behind_the_door_large, grunt_decor_fettered,
          kennysheep_pointless_box, minmay_misc_feat_tiny
D:2:      uniq_crazy_yiuf_cottage, uniq_jessica
D:3:      zin_academy, xom_teletrap_fun, uniq_ijyb, uniq_natasha
D:4:      first_bread, kennysheep_diamond

Skill      XL: |  1  2  3  4  5  6  7 |
---------------+----------------------+-----
Short Blades   | 3 4 |  4.0
Stealth        | 6 7 8 |  8.0
Maces & Flails | 1 2 4 |  4.3
Fighting       | |  2.0
Throwing       | |  2.0
Dodging        | |  1.0

Action                   |  1- 3 |  4- 6 |  7- 9 || total
-------------------------+-------+-------+-------++-------
Melee: Dagger            |    57 |     1 |       ||    58
       Constrict         |    14 |    21 |     5 ||    40
       Tentacles         |     7 |    18 |     3 ||    28
       Mace              |       |    80 |    11 ||    91
  Use: Scroll            |     6 |     3 |       ||     9
       Potion            |       |     3 |     1 ||     4
 Stab: Sleeping          |     6 |    11 |       ||    17
       Distracted        |     1 |     1 |       ||     2
  Eat: Chunk             |     1 |     3 |       ||     4
       Meat ration       |       |     1 |       ||     1
       Bread ration      |       |     1 |       ||     1
Armor: Skin              |     1 |     9 |       ||    10
Dodge: Dodged            |    30 |    45 |    13 ||    88
